Map: Magannatha LE

Players

stryker - Winner!

  • Race: Protoss Protoss
  • Spawn Location: 11:00

VOD

Have the link to the VOD?

Description

Time

  • Played on: June 4, 2025, 6:12 a.m.
  • Length: 23:45
Show
View Real Time Build Order
Export as new Build Order

stryker Protoss - Winner!

Build Orders:  

Get SALT Encoding   

  12  0:04  Probe (Chrono Boost)  
  14  0:21  Probe (Chrono Boost)  
  14  0:27  Pylon  
  14  0:38  Probe (Chrono Boost)  
  15  0:55  Probe (Chrono Boost), Gateway  
  16  1:07  Assimilator  
  16  1:09  Probe (Chrono Boost)  
  17  1:20  Probe (Chrono Boost)  
  18  1:32  Probe (Chrono Boost)  
  19  1:49  Probe (Chrono Boost)  
  20  2:01  Nexus  
  20  2:19  Cybernetics Core  
  20  2:31  Pylon  
  20  2:40  Assimilator  
  20  2:48  Probe (Chrono Boost)  
  21  2:57  Stalker  
  21  3:05  Probe (Chrono Boost)  
  24  3:22  Probe (Chrono Boost)  
  25  3:42  Robotics Facility  
  25  3:49  Probe x2 (Chrono Boost)  
  27  3:58  Stalker  
  27  4:06  Probe x2 (Chrono Boost)  
  31  4:24  Gateway  
  31  4:39  Warp Gate  
  31  4:53  Observer  
  34  5:15  Probe x2 (Chrono Boost)  
  35  5:32  Probe x2 (Chrono Boost)  
  35  5:35  Immortal  
  42  5:50  Probe x2 (Chrono Boost)  
  42  5:56  Stalker x2  
  46  6:06  Pylon  
  46  6:10  Pylon  
  46  6:15  Twilight Council  
  46  6:19  Forge  
  46  6:32  Gateway  
  46  6:33  Gateway  
  46  6:34  Probe x2 (Chrono Boost)  
  48  6:42  Assimilator x2  
  50  6:50  Zealot x2  
  50  6:51  Probe x2 (Chrono Boost)  
  54  7:00  Immortal  
  54  7:08  Probe (Chrono Boost), Protoss Ground Weapons Level 1  
  59  7:26  Stalker  
  61  7:36  Probe (Chrono Boost)  
  62  7:45  Pylon  
  62  7:49  Pylon  
  62  7:51  Pylon  
  62  8:11  Immortal  
  62  8:13  Probe x2 (Chrono Boost)  
  62  8:15  Charge  
  70  8:30  Probe x2 (Chrono Boost)  
  70  8:42  Stalker x2  
  70  8:44  Nexus  
  70  8:47  Probe (Chrono Boost)  
  70  8:49  Pylon  
  75  8:52  Stalker, Pylon  
  75  8:53  Stalker  
  75  8:57  Assimilator  
  79  9:02  Assimilator  
  79  9:35  Zealot x4  
  79  9:39  Immortal  
  91  10:03  Probe x2 (Chrono Boost)  
  95  10:20  Probe x2 (Chrono Boost), Protoss Ground Armor Level 1  
  95  10:22  Pylon  
  95  10:37  Templar Archives  
  95  10:45  Gateway  
  95  10:48  Gateway  
  95  10:50  Gateway  
  95  10:53  Gateway  
  95  10:54  Pylon  
  95  10:56  Pylon  
  95  10:58  Probe x3 (Chrono Boost)  
  98  11:03  Zealot x4  
  106  11:15  Probe x3 (Chrono Boost)  
  109  11:59  Probe (Chrono Boost)  
  73  12:00  Probe x2 (Chrono Boost)  
  112  12:03  Immortal  
  116  12:13  Blink  
  116  12:16  Probe x2 (Chrono Boost)  
  116  12:17  Probe (Chrono Boost)  
  119  12:28  High Templar  
  119  12:29  High Templar x7  
  135  12:34  Archon  
  135  12:35  Archon x3  
  138  13:01  Probe x2 (Chrono Boost)  
  138  13:02  Probe (Chrono Boost)  
  138  13:06  Protoss Ground Weapons Level 2  
  133  13:21  Probe (Chrono Boost)  
  133  13:22  Probe x2 (Chrono Boost)  
  107  13:41  Zealot x2  
  107  13:42  Zealot x5  
  107  13:43  Zealot  
  123  14:20  High Templar x4  
  123  14:21  High Templar  
  123  14:28  Archon x2  
  133  14:38  Pylon  
  133  14:40  Pylon  
  133  14:57  Pylon  
  133  15:03  Immortal  
  133  15:09  Zealot x4  
  145  15:10  Zealot x2  
  149  15:21  Pylon  
  149  15:22  Pylon  
  149  15:40  Shield Battery  
  149  15:52  High Templar x8  
  149  15:54  Immortal, Nexus  
  149  15:57  Archon, Pylon  
  149  15:58  Archon x3  
  165  16:00  Pylon  
  165  16:05  Assimilator  
  165  16:09  Assimilator  
  169  16:20  Protoss Ground Weapons Level 3  
  169  16:46  Robotics Bay  
  169  16:49  Robotics Facility  
  169  18:01  Zealot x3  
  169  18:02  Zealot x2  
  169  18:03  Zealot x3  
Tags
 
Add a new tag
Caveats
  • Supply blocks, unpowered buildings, or Contaminate may cause inaccurate times.
  • Supply counts are checked every 10 seconds.